 Dungeon Crawl Stone Soup version 0.20-a0-1040-gfd09691 (webtiles) character file.

1453 theAP the Basher (level 8, 0/53 HPs)
             Began as a Gargoyle Fighter on Apr 23, 2017.
             Was an Initiate of Gozag.
             Killed by divine providence
             ... invoked by an orc priest
              (12 damage)
             ... on level 6 of the Dungeon.
             The game lasted 00:10:08 (3954 turns).

theAP the Basher (Gargoyle Fighter)                 Turns: 3954, Time: 00:10:08

Health: 0/53       AC: 17    Str: 23    XL:     8   Next: 75%
Magic:  17/17      EV:  5    Int:  8    God:    Gozag
Gold:   339        SH:  9    Dex:  9    Spells: 7/7 levels left

rFire    . . .     SeeInvis .   a - +0 flail
rCold    . . .     Gourm    .   c - +0 shield
rNeg     + . .     Faith    .   q - +0 chain mail
rPois    ∞         Spirit   .   r - +0 helmet
rElec    +         Reflect  .   v - +0 cloak
rCorr    .         Harm     .   (no gloves)
MR       .....                  m - +0 pair of boots
Stlth    ..........             (no amulet)
Regen    0.2/turn               p - ring of magical power
MPRegen  0.2/turn               (no ring)

@: no status effects
A: negative energy resistance 1, electricity resistance, unbreathing,
petrification resistance, rot immunity, AC +5
a: Potion Petition, Call Merchant, Bribe Branch, Renounce Religion


You were on level 6 of the Dungeon.
You worshipped Gozag.
Gozag was aware of your devotion.
You were not hungry.

You visited 2 branches of the dungeon, and saw 7 of its levels.

You collected 424 gold pieces.
You paid 85 gold pieces to Gozag.

Inventory:

Hand Weapons
 a - a +0 flail (weapon)
Armour
 b - a +0 scale mail
 c - a +0 shield (worn)
 m - a +0 pair of boots (worn)
 q - a +0 chain mail (worn)
 r - a +0 helmet (worn)
 v - a +0 cloak (worn)
Jewellery
 p - a ring of magical power (left hand)
Wands
 g - a wand of lightning (3/15)
 A - a wand of digging (17/24)
Scrolls
 e - a scroll of random uselessness {unknown}
 h - 2 scrolls of teleportation {unknown}
 i - a scroll of recharging {unknown}
 k - a scroll of immolation {unknown}
 o - a scroll of blinking {unknown}
 t - 2 scrolls of enchant weapon {unknown}
 u - 3 scrolls of identify {unknown}
 w - 3 scrolls of remove curse {unknown}
 y - a scroll of noise {unknown}
 z - a scroll of enchant armour {unknown}
 C - 2 scrolls of fear {unknown}
 D - a scroll of amnesia {unknown}
 F - a scroll of vulnerability {unknown}
 J - 2 scrolls of magic mapping {unknown}
Potions
 d - a potion of might
 j - a potion of degeneration {unknown}
 l - 2 potions of lignification
 n - a potion of agility {unknown}
 s - a potion of berserk rage {unknown}
 x - a potion of mutation {unknown}
 B - a potion of ambrosia {unknown}
 G - a potion of curing
 H - 2 potions of resistance {unknown}
 I - a potion of haste {unknown}
Comestibles
 f - 5 bread rations
 E - 2 meat rations


   Skills:
 + Level 7.4 Fighting
 * Level 8.9 Maces & Flails
 - Level 3.2 Armour
 - Level 3.2 Shields


You had 7 spell levels left.
You didn't know any spells.

Dungeon Overview and Level Annotations

Branches:
Dungeon (6/15)             Temple (1/1) D:5

Altars:
Ashenzari
Dithmenos
Fedhas
Gozag
Hepliaklqana
Kikubaaqudgha
Makhleb
Nemelex Xobeh
Okawaru
Ru
Sif Muna
Trog
Uskayaw
Vehumet
Yredelemnul
Zin
The Shining One

Annotations:
D:6 Grinder


Innate Abilities, Weirdness & Mutations

You are resistant to torment.
Your stone body is resilient. (AC +5)
You are immune to poison.
You resist negative energy. (rN+)
You are resistant to electric shocks. (rElec)
You can survive without breathing.
You are immune to petrification.
You are immune to rotting.


Message History

* * * LOW HITPOINT WARNING * * *
The orc hits you but does no damage.
You hear some strange, mumbled words.
A puff of flame appears from out of thin air!
The puff of flame hits you! Grinder gestures at you.
Pain shoots through your body!
* * * LOW HITPOINT WARNING * * *
The orc priest hits you but does no damage.
The orc hits you but does no damage. Something completely misses you.
Grinder blinks!
The orc priest hits you but does no damage.
The orc hits you but does no damage.
You can move again.
You feel less confused. Something hits you but does no damage.
The orc priest calls down the wrath of Beogh upon you.
Beogh smites you!
You die...
Your body crumbles into a pile of gold.

..............#
.........?....#
..............#
..........5...#
............#
...n......#
#o{o.....#
#@.§.....#
##########


You could see Grinder, a necrophage, an orc priest and an orc.

Vanquished Creatures
  Prince Ribbit (D:5)
  The ghost of kal9871 the Slasher, an amateur HaCK of Xom (D:3)
  Duvessa (D:5)
  2 ogres
  A centaur (D:5)
  A bullfrog (D:6)
  Dowan (D:5)
  2 howler monkeys
  2 crimson imps (D:5)
  An orc wizard (D:4)
  Crazy Yiuf (D:2)
  An orc priest (D:3)
  A hound (D:4)
  A centaur skeleton (D:4)
  2 iguanas
  3 worker ants
  Ijyb (D:5)
  A hound skeleton (D:5)
  3 gnolls (D:5)
  7 adders
  2 oozes
  An adder skeleton (D:4)
  4 worms
  2 dart slugs
  4 leopard geckos
  15 orcs
  A ball python (D:2)
  9 bats
  3 giant cockroaches
  6 goblins
  11 hobgoblins
  7 jackals
  3 quokkas
  7 frilled lizards
  7 kobolds
  5 rats
121 creatures vanquished.

Notes
Turn   | Place    | Note
-------+----------+-------------------------------------------
     0 | D:1      | theAP the Gargoyle Fighter began the quest for the Orb.
     0 | D:1      | Reached XP level 1. HP: 14/14 MP: 1/1
   224 | D:1      | Reached XP level 2. HP: 17/19 MP: 2/2
   483 | D:1      | Reached skill level 3 in Maces & Flails
   483 | D:1      | Reached XP level 3. HP: 24/24 MP: 3/3
   979 | D:2      | Reached XP level 4. HP: 29/29 MP: 4/4
  1141 | D:2      | Found a runed door.
  1471 | D:2      | Noticed Crazy Yiuf
  1478 | D:2      | Killed Crazy Yiuf
  1524 | D:3      | Noticed kal9871's ghost (amateur HaCK)
  1527 | D:2      | Reached skill level 4 in Maces & Flails
  1583 | D:3      | Reached XP level 5. HP: 34/34 MP: 5/5
  1768 | D:3      | Found a bloodstained altar of Trog.
  1987 | D:3      | Killed kal9871's ghost
  1987 | D:3      | Reached skill level 5 in Fighting
  1987 | D:3      | Reached skill level 5 in Maces & Flails
  1987 | D:3      | Reached XP level 6. HP: 40/40 MP: 6/6
  2236 | D:4      | Reached XP level 7. HP: 31/44 MP: 7/7
  2250 | D:4      | Reached skill level 6 in Maces & Flails
  3003 | D:4      | Found a glowing golden altar of the Shining One.
  3026 | D:5      | Entered Level 5 of the Dungeon
  3070 | D:5      | Found a staircase to the Ecumenical Temple.
  3084 | Temple   | Entered the Ecumenical Temple
  3281 | Temple   | Became a worshipper of Gozag Ym Sagoz the Greedy
  3318 | D:5      | Noticed Ijyb
  3321 | D:5      | Noticed Dowan
  3324 | D:5      | Noticed Duvessa
  3343 | D:5      | Killed Duvessa
  3343 | D:5      | Reached skill level 7 in Maces & Flails
  3348 | D:5      | Killed Ijyb
  3365 | D:5      | Killed Dowan
  3365 | D:5      | Reached XP level 8. HP: 38/52 MP: 8/8
  3489 | D:5      | Noticed Prince Ribbit
  3509 | D:5      | Killed Prince Ribbit
  3509 | D:5      | Reached skill level 8 in Maces & Flails
  3929 | D:6      | Noticed Grinder
  3948 | D:6      | Paralysed by Grinder for 6 turns
  3954 | D:6      | Killed from afar by an orc priest

Vault maps used:
D:1:      dpeg_arrival_chambers_temple_mockup, minmay_lizard_king
D:2:      uniq_crazy_yiuf_cottage
D:3:      nicolae_overflow_crystal_walls
D:4:      nicolae_overflow_hidden_temple, first_bread
D:5:      minmay_temple_entry_statues_pillars, uniq_ijyb, uniq_prince_ribbit1,
          uniq_duvessa
D:6:      lemuel_coloured_pillars_altar, uniq_grinder
Temple:   regret_index_temple_waves

Skill      XL: |  1  2  3  4  5  6  7  8 |
---------------+-------------------------+-----
Maces & Flails | 3 4 5 7 8 |  8.9
Fighting       | 4 5 6 7 |  7.4
Armour         | |  3.2
Shields        | |  3.2

Action                   |  1- 3 |  4- 6 |  7- 9 || total
-------------------------+-------+-------+-------++-------
Melee: Flail             |   114 |   311 |   215 ||   640
  Use: Potion            |       |     6 |     1 ||     7
  Eat: Chunk             |       |     5 |     3 ||     8
       Royal jelly       |       |       |     1 ||     1
       Bread ration      |       |       |     1 ||     1
Armor: Scale mail        |    47 |       |       ||    47
       Chain mail        |    37 |   199 |   145 ||   381
       Skin              |       |   101 |     1 ||   102
Dodge: Dodged            |    35 |    87 |    51 ||   173
Block: Shield            |    68 |   229 |    87 ||   384
